 Dungeon Crawl Stone Soup version 0.31-a0-1091-g283494c966 (webtiles) character file.

Game seed: 10346218568051459557

23 Pericco the Trooper (level 3, -3/24 HPs)
             Began as a Gargoyle Monk on Nov 28, 2023.
             Slain by Terence
             ... wielding a +0 flail
              (5 damage)
             ... on level 3 of the Dungeon.
             The game lasted 00:02:01 (365 turns).

Pericco the Trooper (Gargoyle Monk)                  Turns: 365, Time: 00:02:02

Health: -3/24      AC:  5    Str: 16    XL:     3   Next: 0%
Magic:  3/3        EV: 12    Int: 10    God:
Gold:   62         SH:  0    Dex: 12    Spells: 2/2 levels left

rFire   . . .        a - +0 mace
rCold   . . .        d - orb {light}
rNeg    + . .        b - +0 robe
rPois   ∞            (no helmet)
rElec   +            (no cloak)
rCorr   .            (no gloves)
SInv    .            (no boots)
Will    .....        e - amulet of the acrobat
Stlth   +            (no ring)
HPRegen 0.24/turn    (no ring)
MPRegen 0.08/turn

%: acrobat
@: glowing
A: sickness immunity, AC +3, negative energy resistance 1, electricity
resistance, torment resistance 1, petrification resistance
a: no special abilities


You were on level 3 of the Dungeon.
You visited 1 branch of the dungeon, and saw 3 of its levels.

You collected 62 gold pieces.

Inventory:

Hand Weapons
 a - a +0 mace (weapon)
 i - a +0 mace
Armour
 b - a +0 robe (worn)
 d - an orb of light (worn)
 h - a +0 pair of boots
Jewellery
 e - an amulet of the acrobat (around neck)
Scrolls
 f - a scroll of vulnerability {unknown}
 g - a scroll of torment {unknown}
Potions
 c - a potion of ambrosia
 j - a potion of heal wounds {unknown}


   Skills:
 + Level 3.7 Fighting
 + Level 3.4 Maces & Flails
 + Level 2.7 Dodging


You had 2 spell levels left.
You didn't know any spells.
Your spell library contained the following spells:

 Spells                   Type           Power      Damage    Failure   Level
 Ensorcelled Hibernation  Hex/Ice        0%         N/A       50%         2
 Jinxbite                 Hex            0%         N/A       50%         2
 Anguish                  Hex/Necr       0%         N/A       98%         4


Dungeon Overview and Level Annotations

Branches:
Dungeon (3/15)

Altars:

Annotations:
D:3 Terence


Innate Abilities, Weirdness & Mutations

You are immune to sickness and miasma.
Your stone body is resilient. (AC +3)
You are immune to poison.
You resist negative energy. (rN+)
You are resistant to electric shocks. (rElec)
You are resistant to unholy torment.
You are immune to petrification.


Message History

Terence shouts!
Terence is nearby!
Terence is nearby!
Terence is nearby!
Terence is nearby!
Sorry, you're not good enough to have a special ability.
Terence misses you. Terence misses you.
You hit Terence but do no damage. Terence hits you with a +0 flail.
You hit Terence.
Terence is moderately wounded.
Terence barely misses you. x2
You hit Terence but do no damage.
Terence is moderately wounded.
Terence closely misses you.
You hit Terence but do no damage.
Terence is moderately wounded.
Terence barely misses you.
You hit Terence but do no damage.
Terence is moderately wounded.
Terence hits you with a +0 flail.
You hit Terence but do no damage.
Terence is moderately wounded.
Terence hits you with a +0 flail. Terence closely misses you.
You hit Terence.
Terence is heavily wounded.
Terence hits you with a +0 flail!
* * * LOW HITPOINT WARNING * * *
You hit Terence.
Terence is severely wounded.
Terence hits you with a +0 flail.
* * * LOW HITPOINT WARNING * * *
You hit Terence.
Terence is severely wounded.
Terence misses you.
You hit Terence.
Terence is almost dead.
Terence closely misses you. Terence hits you with a +0 flail.
You die...
Terence says, "Time to find some more victims."

<.##.####.##.#.
..........# ...
########### #.. #.# #.#
##### #.# .... #.# ###
.....###.#####?....
#####..#........@@...>..
..........###..####.....
####.........(...##.####
####.#####..........#
..##.#####..##.#..###
#.##........#..#..#
#.......##..#.##..#
......#.##..#.##..#
.........#........#


You could see Terence.

Vanquished Creatures
  3 dart slugs
  2 bats
  A giant cockroach (D:1)
  A goblin (D:2)
  2 hobgoblins
  2 kobolds (D:2)
  A quokka (D:1)
  A frilled lizard (D:2)
  3 rats (D:1)
16 creatures vanquished.

Notes
Turn   | Place    | Note
-------+----------+-------------------------------------------
     0 | D:1      | Pericco the Gargoyle Monk began the quest for the Orb.
     0 | D:1      | Reached XP level 1. HP: 14/14 MP: 1/1
    75 | D:1      | Reached XP level 2. HP: 19/19 MP: 2/2
   316 | D:3      | Reached XP level 3. HP: 24/24 MP: 3/3
   350 | D:3      | Noticed Terence
   363 | D:3      | HP: 1/24 [Terence/+0 flail (3)]
   365 | D:3      | Slain by Terence

Illustrated notes

Levels and vault maps discovered:
D:1:      orjb1_lava_funnel, layout_basic, dreamdust_ecumenical_altar_grove,
          serial_shops, shop, grunt_decor_junction, st_stairs_10,
          amcnicky_mini_rare_corridor_liquid
D:2:      layout_basic
D:3:      layout_loops_cross, uniq_grinder, uniq_terence

Action                     || total
---------------------------++-------
  Melee: Mace              ||    62
 Armour: Robe              ||    41
  Dodge: Dodged            ||    60

Table legend: (Time is in decaauts)
 A = Elapsed time spent in this place.
 B = Non-inter-level travel time spent in this place.
 C = Inter-level travel time spent in this place.
 D = Time resting spent in this place.
 E = Time spent auto-exploring this place.
 F = Levels seen in this place.
 G = Mean time per level.
                   A        B        C        D        E       F      G
               +--------+--------+--------+--------+--------+-----+--------+
         Total |    379 |    379 |      0 |      0 |    110 |   3 |  126.3 |
       Dungeon |    379 |    379 |      0 |      0 |    110 |   3 |  126.3 |
               +--------+--------+--------+--------+--------+-----+--------+

Top non-repeatable levels by time:
     D:1: 162 daAuts
     D:2: 118 daAuts
     D:3: 97 daAuts
